 Dungeon Crawl Stone Soup version 0.29.1-2-gbd0b4ee654 (webtiles) character file.

Game seed: 15783127613858006076

805 RUZZLEFAZAZZLE the Shield-Bearer (level 7, -2/60 HPs)
             Began as a Gnoll Fighter on Nov 26, 2022.
             Slain by an orc warrior
             ... wielding a +0 halberd
              (21 damage)
             ... on level 4 of the Dungeon.
             The game lasted 00:07:02 (3372 turns).

RUZZLEFAZAZZLE the Shield-Bearer (Gnoll Fighter)    Turns: 3372, Time: 00:07:03

Health: -2/60      AC:  6    Str: 18      XL:     7   Next: 91%
Magic:  0/11       EV: 12    Int:  4 (7)  God:
Gold:   162        SH:  6    Dex: 13 (15) Spells: 11/11 levels left

rFire   . . .      SeeInvis .   a - +1 war axe
rCold   + . .      Faith    .   c - +0 buckler
rNeg    . . .      Spirit   +   m - +0 chain mail
rPois   .          Reflect  .   (helmet restricted)
rElec   .          Harm     .   (no cloak)
rCorr   .          Rampage  .   (no gloves)
Will    .....                   (no boots)
Stlth   ..........              h - amulet of guardian spirit
HPRegen 0.20/turn               l - +4 ring of evasion
MPRegen 0.12/turn               o - +6 ring of dexterity

@: mighty
A: fangs 1, strong nose, distributed training, horns 1, clumsy 1, cold
resistance 1, deformed body
a: no special abilities


You were on level 4 of the Dungeon.
You visited 1 branch of the dungeon, and saw 5 of its levels.

You collected 162 gold pieces.

Inventory:

Hand Weapons
 a - a +1 war axe (weapon)
 e - a +1 flail of protection
Armour
 c - a +0 buckler (worn)
 m - a +0 chain mail (worn)
 s - a +0 helmet
 t - a +1 robe of fire resistance
Jewellery
 h - an amulet of guardian spirit (around neck)
 l - a +4 ring of evasion (left hand)
 o - a +6 ring of dexterity (right hand)
Wands
 b - a wand of roots (5)
Scrolls
 f - 4 scrolls of identify
 j - 3 scrolls of teleportation
Potions
 g - 3 potions of ambrosia
 k - 2 potions of curing


   Skills:
 + Level 7.2 Fighting
 + Level 2.9 Short Blades
 + Level 2.9 Long Blades
 + Level 5.4 Axes
 + Level 2.9 Maces & Flails
 + Level 2.9 Polearms
 + Level 2.9 Staves
 + Level 2.9 Ranged Weapons
 + Level 2.9 Throwing
 + Level 7.2 Armour
 + Level 2.9 Dodging
 + Level 2.9 Stealth
 + Level 7.2 Shields
 + Level 2.9 Unarmed Combat
 + Level 2.9 Spellcasting
 + Level 2.3 Conjurations
 + Level 2.3 Hexes
 + Level 2.3 Summonings
 + Level 2.3 Necromancy
 + Level 2.3 Translocations
 + Level 2.3 Transmutations
 + Level 2.3 Fire Magic
 + Level 2.3 Ice Magic
 + Level 2.3 Air Magic
 + Level 2.3 Earth Magic
 + Level 2.3 Poison Magic
 + Level 3.2 Invocations
 + Level 2.9 Evocations


You had 11 spell levels left.
You didn't know any spells.
Your spell library contained the following spells:

 Spells                   Type           Power      Damage    Failure   Level
 Ensorcelled Hibernation  Hex/Ice        4%         N/A       97%         2
 Passwall                 Tmut/Erth      1%         N/A       97%         2
 Poisonous Vapours        Pois/Air       4%         N/A       97%         2
 Swiftness                Air            2%         N/A       99%         3
 Tukima's Dance           Hex            2%         N/A       99%         3
 Corpse Rot               Necr/Pois/Air  2%         N/A       100%        4
 Passage of Golubria      Tloc           2%         N/A       100%        4
 Yara's Violent Unravell  Hex/Tmut       1%         3d3       100%        5


Dungeon Overview and Level Annotations

Branches:
Dungeon (5/15)
 Temple: D:4-7

Altars:

Portals:
Abyss: D:3

Annotations:
D:3 2 transporters, Deveroux's ghost, amateur GrGl
D:4 2 runed translucent doors


Innate Abilities, Weirdness & Mutations

You have very sharp teeth.
Your uncanny sense of smell can sniff out nearby items.
Your experience applies equally to all skills.
You have a pair of small horns on your head.
You are clumsy. (Dex -2)
Your flesh is cold resistant. (rC+)
Armour fits poorly on your strangely shaped body.


Message History

The yak bellows!
You feel very mighty all of a sudden.
Okay, then.
You open the large door.
The orc warrior throws a boomerang.
The boomerang hits you!
You slash the yak!
The yak is moderately wounded.
The orc warrior barely misses you. The yak misses you.
You barely miss the yak.
The yak is moderately wounded.
The orc warrior closely misses you. The yak barely misses you.
You slash the yak!
The yak is heavily wounded.
The orc warrior hits you from afar with a +0 halberd.
The yak gores you!
You slice the yak!! You bite the yak.
You kill the yak!
The orc warrior completely misses you. x2
You feel your strength returning.
The orc warrior hits you with a +0 halberd!
There is a large open translucent door, spattered with blood here.
You hit the orc warrior.
You headbutt the orc warrior, but do no damage.
The orc warrior is lightly wounded.
The orc warrior hits you with a +0 halberd!
* * * LOW HITPOINT WARNING * * *
You hit the orc warrior but do no damage.
Your headbutt misses the orc warrior.
The orc warrior is lightly wounded.
The orc warrior barely misses you.
You closely miss the orc warrior.
You bite the orc warrior, but do no damage.
The orc warrior is lightly wounded.
The orc warrior hits you with a +0 halberd!
* * * LOW HITPOINT WARNING * * *
You feel much better. You block the orc warrior's attack.
You barely miss the orc warrior.
The orc warrior is lightly wounded.
The orc warrior hits you with a +0 halberd!!
You die...

,*,,,.........,,....,**,*,,,#..#.
**,,,.........##++##,',**,*,#....
*,,,........##8..8##***,**,#.#..
*,,,........#8....8# *∆,*∆##.###
*,,,........#|....$# *****#..###
**,,........#"....)# ######..##.
**,........#8....8# #)...##..#.
***##....#)##8o.8#######..#....
*,,.#....#.(##@'##.'.#.##.#.###
*,,.......))......†#.†#.#)#.#
*,,......####).....#.####.#.#
*,,.#...#* #...##.##....##.#
*,,,#...* #...##..######..#
*,,,#..,* #...###........##
*,,,##*** ##### ########## *****


You could see an orc warrior.

Vanquished Creatures
  Sigmund (D:4)
  A yak (D:4)
  Eustachio (D:4)
  Edmund (D:4)
  A howler monkey (D:4)
  An iguana (D:4)
  Robin (D:4)
  9 adders
  3 worms
  2 dart slugs (D:2)
  10 endoplasms
  A giant cockroach (D:3)
  16 goblins
  6 hobgoblins
  8 kobolds
  4 quokkas
  3 ball pythons
  3 bats
  7 frilled lizards
  6 rats
85 creatures vanquished.

Vanquished Creatures (others)
  2 fungi (D:4)
2 creatures vanquished.

Grand Total: 87 creatures vanquished

Notes
Turn   | Place    | Note
-------+----------+-------------------------------------------
     0 | D:1      | RUZZLEFAZAZZLE the Gnoll Fighter began the quest for the
                  | Orb.
     0 | D:1      | Reached XP level 1. HP: 23/23 MP: 1/1
   323 | D:1      | Reached XP level 2. HP: 29/29 MP: 2/2
   590 | D:1      | Found a faded altar of an unknown god.
  1032 | D:2      | Reached XP level 3. HP: 35/35 MP: 3/3
  1110 | D:2      | Reached skill level 1 in Invocations
  1226 | D:2      | Reached skill level 1 in Short Blades
  1226 | D:2      | Reached skill level 1 in Long Blades
  1226 | D:2      | Reached skill level 1 in Maces & Flails
  1226 | D:2      | Reached skill level 1 in Polearms
  1226 | D:2      | Reached skill level 1 in Staves
  1226 | D:2      | Reached skill level 1 in Ranged Weapons
  1226 | D:2      | Reached skill level 1 in Throwing
  1226 | D:2      | Reached skill level 1 in Dodging
  1226 | D:2      | Reached skill level 1 in Stealth
  1226 | D:2      | Reached skill level 1 in Unarmed Combat
  1226 | D:2      | Reached skill level 1 in Spellcasting
  1226 | D:2      | Reached skill level 1 in Evocations
  1560 | D:2      | Reached XP level 4. HP: 41/41 MP: 5/5
  2184 | D:3      | Reached skill level 1 in Conjurations
  2184 | D:3      | Reached skill level 1 in Hexes
  2184 | D:3      | Reached skill level 1 in Summonings
  2184 | D:3      | Reached skill level 1 in Necromancy
  2184 | D:3      | Reached skill level 1 in Translocations
  2184 | D:3      | Reached skill level 1 in Transmutations
  2184 | D:3      | Reached skill level 1 in Fire Magic
  2184 | D:3      | Reached skill level 1 in Ice Magic
  2184 | D:3      | Reached skill level 1 in Air Magic
  2184 | D:3      | Reached skill level 1 in Earth Magic
  2184 | D:3      | Reached skill level 1 in Poison Magic
  2253 | D:3      | Noticed a small abomination
  2260 | D:3      | Found a transporter.
  2272 | D:3      | Found a transporter.
  2278 | D:3      | Found a one-way gate to the infinite horrors of the Abyss.
  2278 | D:3      | Noticed Deveroux's ghost (amateur GrGl)
  2293 | D:3      | You fall into a shaft and drop 2 floors!
  2293 | D:5      | Entered Level 5 of the Dungeon
  2309 | D:4      | Noticed Eustachio
  2310 | D:4      | Noticed Edmund
  2480 | D:3      | Noticed a kobold brigand
  2908 | D:4      | Killed Eustachio
  2909 | D:4      | Reached XP level 5. HP: 47/47 MP: 5/7
  2909 | D:4      | Reached XP level 6. HP: 53/53 MP: 5/8
  2914 | D:4      | Killed Edmund
  2915 | D:4      | Reached skill level 5 in Axes
  3191 | D:4      | Found a large runed translucent door.
  3191 | D:4      | Found a large runed translucent door.
  3230 | D:4      | Reached XP level 7. HP: 60/60 MP: 10/10
  3250 | D:4      | Noticed a yak
  3255 | D:4      | Noticed Robin
  3262 | D:4      | Noticed Sigmund
  3276 | D:4      | Killed Sigmund
  3284 | D:4      | Killed Robin
  3288 | D:4      | Found a large runed translucent door.
  3288 | D:4      | Found a large runed translucent door.
  3307 | D:4      | Gained mutation: You are clumsy. (Dex -2) [potion of
                  | mutation]
  3307 | D:4      | Gained mutation: Armour fits poorly on your strangely
                  | shaped body. [potion of mutation]
  3307 | D:4      | Gained mutation: Your flesh is cold resistant. (rC+)
                  | [potion of mutation]
  3307 | D:4      | Gained mutation: You have a pair of small horns on your
                  | head. [potion of mutation]
  3366 | D:4      | Killed a yak
  3372 | D:4      | Slain by an orc warrior

Illustrated notes

Levels and vault maps discovered:
D:1:      amcnicky_arrival_underground_garden, layout_basic,
          basic_ecumenical_altar
D:2:      layout_basic, dk_noncrumbling_4
D:3:      layout_loops_ring, gammafunk_ghost_abyssal_escape, grunt_ministairs_5
D:4:      layout_rooms, mainiacjoe_overflow_big_doors,
          minmay_hollow_rounded_squares, uniq_eustachio, uniq_edmund,
          uniq_sigmund, uniq_robin
D:5:      layout_rooms, nicolae_ru_path_of_blood, minmay_temple_entry_tees,
          ebering_ghost_sewer_f

Skill      XL: |  1  2  3  4  5  6  7 |
---------------+----------------------+-----
Invocations    | 1 2 3 |  3.2
Short Blades   | 1 2 |  2.9
Long Blades    | 1 2 |  2.9
Maces & Flails | 1 2 |  2.9
Polearms       | 1 2 |  2.9
Staves         | 1 2 |  2.9
Ranged Weapons | 1 2 |  2.9
Throwing       | 1 2 |  2.9
Dodging        | 1 2 |  2.9
Stealth        | 1 2 |  2.9
Unarmed Combat | 1 2 |  2.9
Spellcasting   | 1 2 |  2.9
Evocations     | 1 2 |  2.9
Conjurations   | 1 2 |  2.3
Hexes          | 1 2 |  2.3
Summonings     | 1 2 |  2.3
Necromancy     | 1 2 |  2.3
Translocations | 1 2 |  2.3
Transmutations | 1 2 |  2.3
Fire Magic     | 1 2 |  2.3
Ice Magic      | 1 2 |  2.3
Air Magic      | 1 2 |  2.3
Earth Magic    | 1 2 |  2.3
Poison Magic   | 1 2 |  2.3
Axes           | 5 |  5.4
Fighting       | 7 |  7.2
Armour         | 7 |  7.2
Shields        | 7 |  7.2

Action                   |  1- 3 |  4- 6 |  7- 9 || total
-------------------------+-------+-------+-------++-------
Melee: War axe           |    91 |   103 |    38 ||   232
       Bite              |     7 |     7 |     4 ||    18
       Headbutt          |       |       |     1 ||     1
  Use: Scroll            |       |     7 |     1 ||     8
       Potion            |       |     1 |     9 ||    10
Armor: Scale mail        |    19 |       |       ||    19
       Chain mail        |    18 |    29 |    12 ||    59
Dodge: Dodged            |    36 |    43 |    24 ||   103
Block: Buckler           |    19 |    37 |    15 ||    71
